 Dungeon Sprint DCSS version 0.20-b1 (webtiles) character file.

27284 Snowbourne the Ninja (level 13, -1/55 HPs)
             Began as a Spriggan Enchanter on May 18, 2017.
             Was the Champion of Dithmenos.
             Killed by an exploding ball lightning (4 damage)
             ... created by Lom Lobon
             ... in the Dungeon (Sprint I: "Red Sonja").
             The game lasted 00:22:58 (2554 turns).

Snowbourne the Ninja (Spriggan Enchanter)           Turns: 2554, Time: 00:23:00

Health: -1/55      AC:  0    Str:  4    XL:     13   Next: 3%
Magic:  1/18       EV: 36    Int: 17    God:    Dithmenos [******]
Gold:   2181       SH:  0    Dex: 21    Spells: 3/17 levels left

rFire    + . .     SeeInvis +   q - +0 dagger (freeze)
rCold    + . .     Gourm    .   (shield restricted)
rNeg     + . .     Faith    .   b - +0 robe
rPois    +         Spirit   .   w - -2 hat of the Alchemist {rElec rPois rF+ rC+ rN+ MR+ rMut rCorr}
rElec    +         Reflect  .   x - scarf {cloud immunity}
rCorr    +         Harm     .   (gloves unavailable)
rMut     +         NoTele   +   (boots unavailable)
MR       +++..                  (no amulet)
Stlth    +++++++...             y - ring of stealth
Regen    0.2/turn               (no ring)
MPRegen  0.2/turn

@: flying (expiring), very slightly contaminated, wreathed by umbra, very quick
A: unfitting armour, see invisible, herbivore 3, speed 3, slow metabolism 2
0: Orb of Zot
a: Shadow Step, Shadow Form, Renounce Religion


You were in the Dungeon.
You worshipped Dithmenos.
Dithmenos was exalted by your worship.
You were full.

You visited 1 branch You collected 3290 gold pieces.
You spent 1078 gold pieces at shops.
You donated 31 gold pieces to Zin.

Inventory:

Hand Weapons
 a - a +1 dagger
 l - a +1 dagger of holy wrath
 q - a +0 dagger of freezing (weapon)
Armour
 b - a +0 robe (worn)
 m - a scarf of spirit shield
 p - a scarf of resistance
 w - the -2 hat of the Alchemist (worn) {rElec rPois rF+ rC+ rN+ MR+ rMut rCorr}
   (You bought it in a shop in the Dungeon)

   It protects you from fire.
   It protects you from cold.
   It insulates you from electricity.
   It protects you from poison.
   It protects you from negative energy.
   It affects your resistance to hostile enchantments.
   It protects you from acid and corrosion.
   It protects you from mutation.
 x - a scarf of cloud immunity (worn)
Jewellery
 y - a ring of stealth (left hand)
Wands
 o - a wand of paralysis (9/24)
 s - a wand of lightning (9/15)
 t - a wand of iceblast (12/15)
Scrolls
 n - a scroll of identify
 r - a scroll of remove curse {unknown}
Potions
 e - 4 potions of curing
 g - a potion of haste
 h - 2 potions of magic
 z - a potion of lignification {unknown}
 A - a potion of cancellation {unknown}
 B - a potion of might {unknown}
Books
 c - a book of Maledictions

   Spells                             Type                      Level
   a - Corona                         Hexes                        1
   b - Ensorcelled Hibernation        Hexes/Ice                    2
   c - Confuse                        Hexes                        3
   d - Tukima's Dance                 Hexes                        3
   e - Dazzling Spray                 Conjuration/Hexes            3
 i - a book of Cantrips

   Spells                             Type                      Level
   a - Confusing Touch                Hexes                        1
   b - Animate Skeleton               Necromancy                   1
   c - Summon Small Mammal            Summoning                    1
   d - Apportation                    Translocation                1
 u - a book of Summonings

   Spells                             Type                      Level
   a - Recall                         Summoning/Translocation      3
   b - Aura of Abjuration             Summoning                    5
   c - Summon Demon                   Summoning                    5
   d - Summon Forest                  Summoning/Translocation      5
   e - Summon Mana Viper              Hexes/Summoning              5
   f - Shadow Creatures               Summoning                    6
Miscellaneous
 v - a box of beasts
Comestibles
 d - 3 bread rations


   Skills:
 + Level 15.7 Short Blades
 + Level 19.8 Dodging
 O Level 27 Stealth
 - Level 2.6 Spellcasting
 + Level 21.1 Hexes


You had 3 spell levels left.
You knew the following spells:

 Your Spells              Type           Power        Failure   Level  Hunger
a - Corona                Hex            ######.      0%          1    #......
b - Ensorcelled Hibernat  Hex/Ice        #####.       1%          2    ##.....
c - Confuse               Hex            ######..     0%          3    ###....
d - Dazzling Spray        Conj/Hex       #####.       1%          3    ###....
e - Apportation           Tloc           #.....       19%         1    #......
f - Tukima's Dance        Hex            ######..     0%          3    ###....
g - Confusing Touch       Hex            ######       0%          1    #......


Dungeon Overview and Level Annotations

Branches:
Dungeon (1/1)

Altars:
Cheibriados
Dithmenos
Elyvilon
Fedhas
Gozag
Hepliaklqana
Kikubaaqudgha
Makhleb
Nemelex Xobeh
Okawaru
Qazlal
Ru
Sif Muna
Trog
Uskayaw
Vehumet
Xom
Yredelemnul
Zin
The Shining One
Jiyva
Lugonu

Shops:
D !(?!**%}*?!**}?[[(:[[%

Annotations:
D Lom Lobon, Tiamat


Innate Abilities, Weirdness & Mutations

You are very small and have problems with some larger weapons.
You are too small for most types of armour.
You have supernaturally acute eyesight. (SInv)
You are a herbivore.
You cover ground extremely quickly.
You need consume almost no food.


Message History

This square is wreathed by an umbra and is covered in magical glow.
There is a cloud of raging winds here.
* * * LOW HITPOINT WARNING * * *
The gargoyle completely misses you.
Press: ? - help, v - describe, . - travel
Here: a gargoyle, wielding a morningstar (heavily damaged, umbra)
The floor.
You feel much better.
* * * LOW HITPOINT WARNING * * *
You emit a cloud of dark smoke.
The gargoyle is destroyed!
Lom Lobon gestures. 2 ball lightnings come into view.
You feel much better.
* * * LOW HITPOINT WARNING * * *
You emit a cloud of dark smoke.
The ball lightning explodes!
The blast of lightning engulfs Lom Lobon.
Lom Lobon completely resists.
The blast of lightning engulfs you! You resist.
You die...

§§§§#'.#.(.#####...####.#
##.[
.§§†####.)...)...###§§§.
###
..§≈##.......#####§§§§#
≈≈≈###....§.##§§§§§§§§#
≈### #[.)..##§.§§§*§§§#
#'####$$...#.§§§§§§§§§#
##∩∩############&§§§§§#
∩∩∩###≈≈≈≈≈≈≈d.#§§§§§§####
#### ###########@§§§§§§=}#
#.....'^§§§§§§§§§#}:'
#####################


You could see Lom Lobon and a ball lightning.

Vanquished Creatures
  A golden dragon (D)
  A shadow dragon (D)
  4 fire giants (D)
  A lorocyproca (D)
  A hydra (D)
  2 centaur warriors (D)
  Sonja (D)
  7 unseen horrors (D)
  A lindwurm (D)
  A deep troll (D)
  8 shining eyes (D)
  An oklob plant (D)
  A gargoyle (D)
  2 kobold demonologists (D)
  4 demonic crawlers (D)
  A hornet (D)
  A slime creature (D)
  Sigmund (D)
  2 redbacks (D)
  13 hogs (D)
  A yak (D)
  7 floating eyes (D)
  An ogre (D)
  7 necrophages (D)
  8 jellies (D)
  Ijyb (D)
  4 ballistomycetes (D)
  A ballistomycete spore (D)
84 creatures vanquished.

Vanquished Creatures (others)
  A merfolk siren (D)
  A gargoyle (D)
  A hornet (D)
  A ballistomycete spore (D)
4 creatures vanquished.

Grand Total: 88 creatures vanquished

Notes
Turn   | Place    | Note
-------+----------+-------------------------------------------
     0 | D        | Snowbourne the Spriggan Enchanter began the quest for the Orb.
     0 | D        | Reached XP level 1. HP: 9/9 MP: 5/5
     2 | D        | Noticed Ijyb
    17 | D        | Killed Ijyb
    17 | D        | Reached skill level 8 in Stealth
    17 | D        | Reached skill level 5 in Hexes
    17 | D        | Reached XP level 2. HP: 6/13 MP: 6/6
   226 | D        | Learned a level 2 spell: Ensorcelled Hibernation
   228 | D        | Noticed an ogre
   230 | D        | Killed an ogre
   230 | D        | Reached skill level 12 in Stealth
   230 | D        | Reached XP level 3. HP: 16/16 MP: 8/8
   230 | D        | Reached XP level 4. HP: 21/21 MP: 9/9
   235 | D        | Learned a level 3 spell: Confuse
   246 | D        | Noticed Sigmund
   248 | D        | Killed Sigmund
   248 | D        | Reached skill level 15 in Stealth
   248 | D        | Reached XP level 5. HP: 24/24 MP: 10/10
   248 | D        | Reached XP level 6. HP: 28/28 MP: 11/11
   253 | D        | Learned a level 3 spell: Dazzling Spray
   264 | D        | Found a deep blue altar of Sif Muna.
   266 | D        | Found a radiant altar of Vehumet.
   276 | D        | Learned a level 1 spell: Apportation
   286 | D        | Found Zibiheto's Distillery.
   286 | D        | Found an ancient bone altar of Kikubaaqudgha.
   286 | D        | Found a hazy altar of Hepliaklqana.
   286 | D        | Found a stormy altar of Qazlal.
   286 | D        | Found a hide-covered altar of Uskayaw.
   286 | D        | Found a blossoming altar of Fedhas.
   286 | D        | Found a bloodstained altar of Trog.
   286 | D        | Found an iron altar of Okawaru.
   286 | D        | Found a basalt altar of Yredelemnul.
   286 | D        | Found a glowing golden altar of the Shining One.
   286 | D        | Found a snail-covered altar of Cheibriados.
   286 | D        | Found a sacrificial altar of Ru.
   286 | D        | Found a glowing silver altar of Zin.
   286 | D        | Found a shadowy altar of Dithmenos.
   286 | D        | Found a white marble altar of Elyvilon.
   286 | D        | Noticed a yak
   287 | D        | Found an opulent altar of Gozag.
   288 | D        | Killed a yak
   288 | D        | Reached skill level 17 in Stealth
   288 | D        | Reached skill level 10 in Hexes
   303 | D        | Found a sparkling altar of Nemelex Xobeh.
   310 | D        | Became a worshipper of Zin the Law-Giver
   310 | D        | Reached * piety under Zin
   310 | D        | Reached ** piety under Zin
   310 | D        | Reached *** piety under Zin
   310 | D        | Reached **** piety under Zin
   310 | D        | Reached ***** piety under Zin
   310 | D        | Reached ****** piety under Zin
   318 | D        | Noticed Sonja
   322 | D        | Killed Sonja
   322 | D        | Reached skill level 20 in Stealth
   322 | D        | Reached XP level 7. HP: 32/32 MP: 12/12
   322 | D        | Reached XP level 8. HP: 36/36 MP: 13/13
   336 | D        | Found Boph's Distillery.
   346 | D        | Noticed a shining eye
   346 | D        | Noticed a shining eye
   346 | D        | Noticed a shining eye
   346 | D        | Noticed a shining eye
   346 | D        | Noticed a shining eye
   346 | D        | Noticed a shining eye
   349 | D        | Noticed a shining eye
   349 | D        | Noticed a shining eye
   350 | D        | Killed a shining eye
   350 | D        | Reached skill level 21 in Stealth
   351 | D        | Paralysed by a floating eye for 3 turns
   356 | D        | Killed a shining eye
   356 | D        | Reached skill level 22 in Stealth
   358 | D        | Paralysed by a floating eye for 4 turns
   363 | D        | Killed a shining eye
   363 | D        | Reached skill level 23 in Stealth
   363 | D        | Reached XP level 9. HP: 39/39 MP: 14/14
   367 | D        | Paralysed by a floating eye for 3 turns
   447 | D        | Killed a shining eye
   447 | D        | Reached skill level 24 in Stealth
   478 | D        | Killed a shining eye
   478 | D        | Reached skill level 5 in Dodging
   478 | D        | Reached skill level 15 in Hexes
   490 | D        | Killed a shining eye
   582 | D        | Killed a shining eye
   582 | D        | Reached skill level 5 in Short Blades
   582 | D        | Reached skill level 25 in Stealth
   582 | D        | Reached XP level 10. HP: 44/44 MP: 12/15
   587 | D        | Killed a shining eye
   607 | D        | Fell from the grace of Zin
   607 | D        | Became a worshipper of Dithmenos the Shadowed
   632 | D        | Found Waez's General Store.
   632 | D        | Found Efyri's Weapon Shoppe.
   632 | D        | Found Togh's Assorted Antiques.
   632 | D        | Found Mesosea's Magic Scroll Emporium.
   655 | D        | Bought a +1 dagger of holy wrath for 116 gold pieces
   671 | D        | Learned a level 3 spell: Tukima's Dance
   673 | D        | Learned a level 1 spell: Confusing Touch
   681 | D        | Noticed a deep troll
   688 | D        | Killed a deep troll
   698 | D        | Found Adghin's Armour Emporium.
   898 | D        | Found a burning altar of Makhleb.
   898 | D        | Found a viscous altar of Jiyva.
   898 | D        | Found a shimmering altar of Xom.
   898 | D        | Found a corrupted altar of Lugonu.
   917 | D        | Reached * piety under Dithmenos
   950 | D        | Noticed a centaur warrior
   951 | D        | Noticed a centaur warrior
   953 | D        | Killed a centaur warrior
   953 | D        | Reached ** piety under Dithmenos
   953 | D        | Reached skill level 26 in Stealth
   954 | D        | Killed a centaur warrior
   954 | D        | Reached skill level 10 in Dodging
   979 | D        | Noticed an oklob plant
   981 | D        | Killed an oklob plant
   990 | D        | Reached *** piety under Dithmenos
   990 | D        | Reached XP level 11. HP: 47/47 MP: 16/16
  1013 | D        | Noticed an unseen horror
  1014 | D        | Noticed an unseen horror
  1020 | D        | Killed an unseen horror
  1020 | D        | Reached skill level 27 in Stealth
  1023 | D        | Killed an unseen horror
  1037 | D        | Reached **** piety under Dithmenos
  1146 | D        | Reached ***** piety under Dithmenos
  1370 | D        | Found Faiqudou's Gadget Shoppe.
  1371 | D        | Found Canid's Food Shop.
  1371 | D        | Found Laemu's Assorted Antiques.
  1376 | D        | Found Eleptaf's Weapon Boutique.
  1376 | D        | Found Ykkenuum's Book Emporium.
  1379 | D        | Found Aqosh's Armour Emporium.
  1428 | D        | Found Debref Ylips's Antique Armour Boutique.
  1428 | D        | Found Ukurull's Armour Shoppe.
  1428 | D        | Found Bakh's Magic Scroll Shop.
  1428 | D        | Found Rema's Gadget Emporium.
  1428 | D        | Found Mysorgh's Assorted Antiques.
  1428 | D        | Found Woleicapp's Assorted Antiques.
  1428 | D        | Found Milunarr's Distillery.
  1429 | D        | Found Mikhap's Magic Scroll Emporium.
  1439 | D        | Bought a scroll of blinking for 157 gold pieces
  1455 | D        | Bought the -2 hat of the Alchemist {rElec rPois rF+ rC+ rN+ MR+ rMut rCorr} for 566 gold pieces
  1455 | D        | Bought a scarf of cloud immunity for 84 gold pieces
  1477 | D        | Bought a ruby ring for 155 gold pieces
  1530 | D        | Reached skill level 10 in Short Blades
  1532 | D        | Reached ****** piety under Dithmenos
  1558 | D        | Noticed a lorocyproca
  1562 | D        | Killed a lorocyproca
  1600 | D        | Noticed a lindwurm
  1604 | D        | Killed a lindwurm
  1854 | D        | Reached skill level 15 in Dodging
  2071 | D        | Noticed a 12-headed hydra
  2089 | D        | Killed a 12-headed hydra
  2358 | D        | Noticed a shadow dragon
  2358 | D        | Noticed a golden dragon
  2361 | D        | Killed a shadow dragon
  2361 | D        | Reached XP level 12. HP: 50/50 MP: 12/17
  2362 | D        | Killed a golden dragon
  2425 | D        | Found Tunoclot's Food Shoppe.
  2481 | D        | Noticed a daeva
  2498 | D        | Noticed a fire giant
  2502 | D        | Noticed a fire giant
  2502 | D        | Noticed a fire giant
  2502 | D        | Noticed a fire giant
  2503 | D        | Killed a fire giant
  2505 | D        | Killed a fire giant
  2505 | D        | Reached skill level 15 in Short Blades
  2507 | D        | Killed a fire giant
  2509 | D        | Killed a fire giant
  2509 | D        | Reached XP level 13. HP: 54/54 MP: 5/18
  2537 | D        | Noticed Tiamat
  2543 | D        | Got the Orb of Zot
  2547 | D        | Noticed Lom Lobon
  2553 | D        | HP: 1/55 [Lom Lobon/tornado (23)]
  2554 | D        | Killed by an exploding ball lightning

Skill      XL: |  1  2  3  4  5  6  7  8  9 10 11 12 |
---------------+-------------------------------------+-----
Stealth        | 8 12 15 20 23 25 26 27 | 27.0
Hexes          | 5 7 9 12 14 15 16 19 21 | 21.1
Short Blades   | 5 8 12 15 | 15.7
Dodging        | 7 10 16 19 | 19.8
Spellcasting   | |  2.6

Action                   |  1- 3 |  4- 6 |  7- 9 | 10-12 | 13-15 || total
-------------------------+-------+-------+-------+-------+-------++-------
Melee: Dagger            |    14 |     4 |   207 |   215 |       ||   440
 Cast: Dazzling Spray    |       |       |     6 |     4 |       ||    10
       Ensorcelled Hiber |       |       |     5 |    24 |       ||    29
       Confuse           |       |       |       |    17 |       ||    17
Invok: Shadow Step       |       |       |       |     8 |       ||     8
  Use: Potion            |     1 |       |       |       |     2 ||     3
       Scroll            |       |       |       |     3 |     3 ||     6
 Stab: Sleeping          |     2 |     4 |     7 |    48 |       ||    61
       Invisible         |       |       |     2 |     2 |       ||     4
       Confused          |       |       |       |    10 |       ||    10
       Distracted        |       |       |       |     2 |       ||     2
  Eat: Fruit             |       |       |       |     3 |       ||     3
       Bread ration      |       |       |       |     1 |       ||     1
Armor: Robe              |     1 |       |       |       |       ||     1
Dodge: Dodged            |     5 |       |       |    75 |     2 ||    82
